 Dungeon Crawl Stone Soup version 0.31-a0-408-gb642c7f9a3 (webtiles) character file.

Game seed: 2744920892084460797

12611 floatRand the Grappler (level 11, -2/77 HPs)
             Began as a Grey Draconian Shapeshifter on July 29, 2023.
             Was a Believer of Ru.
             Slain by a centaur warrior simulacrum (20 damage)
             ... on level 10 of the Dungeon.
             The game lasted 00:13:06 (9677 turns).

floatRand the Grappler (DrSh)                       Turns: 9677, Time: 00:13:07

Health: -2/77      AC: 16    Str: 18    XL:     11   Next: 64%
Magic:  11/11      EV: 15    Int: 13    God:    Ru [**....]
Gold:   323        SH:  0    Dex: 21    Spells: 10/10 levels left

rFire   . .          .
                       - Unarmed
rCold   . . .        (no shield)
rNeg    . . .        (body armour unavailable)
rPois   .            (helmet currently unavailable)
rElec   .            (cloak currently unavailable)
rCorr   .            (gloves currently unavailable)
SInv    .            (boots currently unavailable)
Will    +....        a - amulet "Woeroe" {Faith Will+ Int+4}
Stlth   +++          k - +6 ring of dexterity
HPRegen 0.32/turn    h - +4 ring of protection
MPRegen 0.12/turn

%: faith
@: beast-form, slowed, very slow
A: beast (slay +7), AC +12, amphibious, unfitting armour, cold-blooded, no air
magic, no conjurations magic, no hexes magic, unskilled 1
a: Begin Untransformation, Renounce Religion, Sacrifice Stealth, Sacrifice
Resistance, Sacrifice Experience, Reject Sacrifices


You were on level 10 of the Dungeon.
You worshipped Ru.
Ru was pleased with you.
You were a hulking beast.
You visited 2 branches of the dungeon, and saw 11 of its levels.
You also visited: Bailey.

You collected 414 gold pieces.
You spent 91 gold pieces at shops.

Inventory:

Missiles
 L - a throwing net
Armour
 z - a +0 cloak
 D - a +0 pair of gloves
Jewellery
 a - the amulet "Woeroe" (around neck) {Faith Will+ Int+4}
   (You found it on level 2 of the Dungeon)

   [amulet of faith]

   It allows you to gain divine favour quickly.
   Int:       It affects your intelligence (+4).
   Will:      It increases your willpower.
 f - a ring of fire
 h - a +4 ring of protection (right hand)
 k - a +6 ring of dexterity (left hand)
 s - a +6 ring of intelligence
 v - a ring of protection from fire
 x - an amulet of guardian spirit
Talismans
 b - a beast talisman
Wands
 l - a wand of polymorph (10)
 o - a wand of flame (48)
Scrolls
 i - 5 scrolls of teleportation
 n - 2 scrolls of fog
 p - a scroll of revelation
 y - a scroll of poison
 A - a scroll of immolation {unknown}
 B - a scroll of blinking {unknown}
 C - a scroll of amnesia {unknown}
 E - a scroll of fear {unknown}
 G - a scroll of brand weapon {unknown}
 H - a scroll of silence {unknown}
 I - 3 scrolls of identify
 J - a scroll of enchant weapon {unknown}
 K - a scroll of enchant armour {unknown}
 M - a scroll of vulnerability {unknown}
Potions
 c - 3 potions of curing
 d - 3 potions of heal wounds
 e - 2 potions of magic
 g - a potion of invisibility
 j - 12 potions of haste
 m - 2 potions of attraction
 q - a potion of lignification
 r - 4 potions of cancellation
 t - 3 potions of resistance
 u - a potion of might
 w - a potion of berserk rage
 F - 2 potions of mutation


   Skills:
 - Level 1.0 Fighting
 + Level 4.8 Dodging
 + Level 4.9 Stealth
 * Level 13.0 Unarmed Combat
 + Level 11.8 Shapeshifting


You had 10 spell levels left.
You didn't know any spells.
Your spell library contained the following spells:

 Spells                   Type           Power      Damage    Failure   Level
 Lesser Beckoning         Tloc           0%         N/A       43%         2
 Frozen Ramparts          Ice            0%         1d1       67%         3
 Gell's Gravitas          Tloc           0%         N/A       67%         3
 Teleport Other           Tloc           0%         N/A       67%         3
 Volatile Blastmotes      Fire/Tloc      0%         2d10      67%         3
 Petrify                  Tmut/Erth      0%         N/A       97%         4
 Fulminant Prism          Conj/Hex       Unusable   3d5       N/A         4
 Iskenderun's Mystic Bla  Conj/Tloc      Unusable   2d3       N/A         4
 Metabolic Englaciation   Hex/Ice        Unusable   N/A       N/A         5

Dungeon Overview and Level Annotations

Branches:
Dungeon (10/15)            Temple (1/1) D:5            Lair (0/5) D:9
    Orc (0/2) D:10         Bailey (visited)

Altars:
Ashenzari
Cheibriados
Dithmenos
Elyvilon
Fedhas
Gozag
Hepliaklqana
Kikubaaqudgha
Makhleb
Nemelex Xobeh
Okawaru
Qazlal
Ru
Sif Muna
Trog
Uskayaw
Vehumet
Wu Jian
Xom
Yredelemnul
Zin
The Shining One

Shops:
D:2 *   D:10 (

Annotations:
D:6 3 runed translucent doors, bmj180's ghost, novice MfIE


Innate Abilities, Weirdness & Mutations

You are a hulking beast.
Your limbs bulge with bestial killing power. (Slay +7)
Your dull iron-grey scales are very hard. (AC +12)
You are amphibious.
You cannot fit into any form of body armour.
You are cold-blooded and may be slowed by cold attacks.
You cannot study or cast Air magic.
You cannot study or cast Conjurations magic.
You cannot study or cast Hexes magic.
You are somewhat unskilled. (-1 Apt)


Message History

Okay, then.
Okay, then.
You completely miss the two-headed ogre.
You tail-slap the two-headed ogre. You punch the two-headed ogre.
The two-headed ogre is heavily wounded.
You punch the two-headed ogre!
The two-headed ogre is severely wounded.
The two-headed ogre barely misses you. x2
You punch the two-headed ogre!
The two-headed ogre is severely wounded.
You punch the two-headed ogre!
The two-headed ogre is almost dead.
The two-headed ogre hits you with a +0 giant club.
The two-headed ogre hits you but does no damage.
You punch the two-headed ogre!
You kill the two-headed ogre!
Your Unarmed Combat skill increases to level 13!
There is a shaft here.
There is an entrance to Tonos's Antique Weapon Shoppe here.
You open the door.
There is an open door here.
A centaur warrior simulacrum comes into view.
A centaur warrior simulacrum is nearby!
A centaur warrior simulacrum is nearby!
An electric eel comes into view.
The centaur warrior simulacrum closely misses you.
The centaur warrior simulacrum barely misses you.
The centaur warrior simulacrum hits you!
The centaur warrior simulacrum freezes you!!
You feel yourself slow down.
The centaur warrior simulacrum kicks you.
The centaur warrior simulacrum freezes you!!
You feel as though you will be slow longer.
* * * LOW HITPOINT WARNING * * *
Ru believes you are ready to make a new sacrifice.
The centaur warrior simulacrum hits you.
* * * LOW HITPOINT WARNING * * *
The centaur warrior simulacrum freezes you!!
You feel as though you will be slow longer.
You die...

#..........#............#
.~..#..........#............#
...##..........#....∩..>....#
...#...........#............#
#.##...####.####............#
#.#...##≈≈≈.~~~########.....#
.......#≈~....≈##....####'###
.......#~..§§..#............#
...........§§§.Zh...........#
#.#....#....§§~#............#
#.##...#≈~...≈≈##....##.....#
...#...#≈~..~S≈ #....##.....#
...##.#####.### #....##.....#
.≈..#..# ... #....#......#
§≈≈.#..#... #....#......#
≈≈§.#..#.. #....# ...#
≈§§.#..# #....#


You could see a centaur warrior simulacrum.

Vanquished Creatures
  Erica (D:10)
  A two-headed ogre (D:10)
  An unseen horror (D:7)
  A rime drake (D:9)
  A troll (D:9)
  Grinder (D:3)
  2 centaur simulacra (D:10)
  A vampire (D:9)
  Sigmund (D:2)
  A shadow (D:9)
  6 yaks (D:9)
  Duvessa (D:5)
  3 orc warriors
  6 ice beasts
  A sky beast (D:6)
  4 wolves
  6 centaurs
  A phantom (D:7)
  3 kobold brigands
  5 bullfrogs
  A gnoll sergeant (D:9)
  A scorpion (D:5)
  5 wights
  Dowan (D:5)
  3 killer bees (D:8)
  A vampire bat (D:3)
  3 howler monkeys (D:9)
  An electric eel (D:10)
  A crimson imp (D:10)
  A hound (D:7)
  2 jellies
  Crazy Yiuf (D:6)
  5 orc priests
  A gnoll bouda (D:8)
  2 sleepcaps (D:5)
  Jessica (D:3)
  3 iguanas
  Natasha (thrice) (D:3)
  11 orc wizards
  Robin (D:3)
  23 gnolls
  6 adders
  A white imp (D:8)
  An ufetubus (D:6)
  4 worms (D:2)
  2 dart slugs
  3 fire bats (D:3)
  48 orcs
  2 spectral bats (D:3)
  3 bat skeletons (D:3)
  A bat zombie (D:3)
  4 endoplasms
  2 giant cockroaches
  9 goblins
  15 hobgoblins
  4 jackals (D:3)
  13 kobolds
  3 quokkas
  4 ball pythons
  10 bats (D:3)
  A bat simulacrum (D:3)
  5 frilled lizards
  6 rats
265 creatures vanquished.

Vanquished Creatures (others)
  A wolf (D:10)
  A gnoll (D:9)
2 creatures vanquished.

Grand Total: 267 creatures vanquished

Notes
Turn   | Place    | Note
-------+----------+-------------------------------------------
     0 | D:1      | floatRand the Draconian Shapeshifter began the quest for
                  | the Orb.
     0 | D:1      | Reached XP level 1. HP: 16/16 MP: 1/1
   205 | D:1      | Reached XP level 2. HP: 23/23 MP: 2/2
   473 | D:1      | Found a faded altar of an unknown god.
   654 | D:2      | Noticed Sigmund
   660 | D:2      | Identified the amulet "Woeroe" {Faith Will+ Int+4}
   669 | D:2      | Killed Sigmund
   670 | D:2      | Reached skill level 5 in Unarmed Combat
   670 | D:2      | Reached XP level 3. HP: 28/28 MP: 3/3
   670 | D:2      | Reached XP level 4. HP: 35/35 MP: 4/4
   670 | D:2      | Reached XP level 5. HP: 40/40 MP: 5/5
   975 | D:2      | Found Dirodeaf's General Store.
   980 | D:2      | Bought a scroll of fog for 52 gold pieces
   980 | D:2      | Bought a scroll of identify for 26 gold pieces
   980 | D:2      | Bought a scroll of noise for 13 gold pieces
  1127 | D:2      | Identified a scroll of acquirement
  1127 | D:2      | Acquired a manual of Shapeshifting
  1316 | D:3      | Noticed Robin
  1428 | D:3      | Killed Robin
  1459 | D:3      | Noticed Natasha
  1459 | D:3      | Noticed Grinder
  1579 | D:3      | Killed Natasha
  1580 | D:3      | Reached XP level 6. HP: 47/47 MP: 6/6
  1643 | D:3      | Killed Grinder
  1644 | D:3      | Reached skill level 6 in Unarmed Combat
  1644 | D:3      | Reached skill level 5 in Shapeshifting
  1768 | D:3      | Noticed Jessica
  1771 | D:3      | Noticed Natasha
  1775 | D:3      | Killed Jessica
  1780 | D:3      | Killed Natasha
  1904 | D:3      | Noticed Natasha
  1908 | D:3      | Killed Natasha
  1909 | D:3      | Your scales start taking on a dull iron-grey colour.
  1909 | D:3      | Reached XP level 7. HP: 50/52 MP: 7/7
  2067 | D:3      | Reached skill level 7 in Unarmed Combat
  2273 | D:3      | Reached skill level 11 in Unarmed Combat
  2273 | D:3      | Reached XP level 8. HP: 59/59 MP: 8/8
  2500 | D:4      | Found an ornate altar of the Wu Jian Council.
  2696 | D:4      | Found an iron altar of Okawaru.
  2763 | D:4      | Found a stormy altar of Qazlal.
  3364 | D:5      | Entered Level 5 of the Dungeon
  3593 | D:5      | Noticed Duvessa
  3594 | D:5      | Noticed Dowan
  3626 | D:5      | Killed Duvessa
  3629 | D:5      | Killed Dowan
  3670 | D:5      | Reached XP level 9. HP: 58/64 MP: 9/9
  3736 | D:5      | Found a shimmering altar of Xom.
  4144 | D:5      | Found a staircase to the Ecumenical Temple.
  4305 | Temple   | Entered the Ecumenical Temple
  4313 | Temple   | Became a worshipper of Ru the Awakened
  4524 | D:6      | Found a glowing golden altar of the Shining One.
  4853 | D:6      | Found a runed translucent gate.
  4853 | D:6      | Found a runed translucent gate.
  4853 | D:6      | Found a runed translucent gate.
  4854 | D:6      | Found an opulent altar of Gozag.
  4855 | D:6      | Noticed bmj180's ghost (novice MfIE)
  4890 | D:6      | Reached skill level 1 in Stealth
  4891 | D:6      | Reached skill level 12 in Unarmed Combat
  5241 | D:6      | Found a runed translucent door.
  5242 | D:6      | Noticed Crazy Yiuf
  5250 | D:6      | Killed Crazy Yiuf
  5691 | D:7      | Gained mutation: You cannot study or cast Air magic. [Ru
                  | sacrifice]
  5691 | D:7      | Gained mutation: You cannot study or cast Hexes magic. [Ru
                  | sacrifice]
  5691 | D:7      | Gained mutation: You cannot study or cast Conjurations
                  | magic. [Ru sacrifice]
  5691 | D:7      | Reached * piety under Ru
  5974 | D:7      | Killed an unseen horror
  6613 | D:8      | Found a flagged portal.
  6630 | Bailey   | Entered a bailey
  6915 | Bailey   | Reached skill level 13 in Unarmed Combat
  6915 | Bailey   | Reached XP level 10. HP: 66/66 MP: 10/10
  7074 | D:8      | Reached XP level 11. HP: 72/73 MP: 11/11
  7144 | D:8      | Found a snail-covered altar of Cheibriados.
  7381 | D:8      | Gained mutation: You are somewhat unskilled. (-1 Apt) [Ru
                  | sacrifice]
  7381 | D:8      | Reduced skill Unarmed Combat to level 12
  7381 | D:8      | Reached ** piety under Ru
  8249 | D:9      | Found a staircase to the Lair.
  8259 | D:9      | Identified the +1 rapier of Tiomneos {heavy, Str+7 Int-4
                  | Stlth+}
  9083 | D:10     | Entered Level 10 of the Dungeon
  9252 | D:10     | Noticed Erica
  9277 | D:10     | Killed Erica
  9386 | D:10     | Found a staircase to the Orcish Mines.
  9620 | D:10     | Found Tonos's Antique Weapon Shoppe.
  9620 | D:10     | Noticed a two-headed ogre
  9645 | D:10     | Killed a two-headed ogre
  9646 | D:10     | Reached skill level 13 in Unarmed Combat
  9677 | D:10     | Slain by a centaur warrior simulacrum

Illustrated notes

Levels and vault maps discovered:
D:1:      evilmike_arrival_crescent, layout_rooms,
          shapermc_ecumenical_altar_totnotflames
D:2:      layout_rooms, serial_shops, shop, uniq_sigmund
D:3:      layout_rooms, goddamned_bats, uniq_jessica, uniq_robin, uniq_grinder,
          uniq_natasha
D:4:      layout_loops_corners, mainiacjoe_overflow_catch_the_wave,
          nicolae_qazlal_scattered_showers
D:5:      layout_basic, xom_teletrap_fun, temple_statues, uniq_duvessa
D:6:      layout_basic, nicolae_tso_swordbearing_angel, ebering_ghost_gozag,
          skrybe_limestone_x, minmay_misc_feat_rows, uniq_crazy_yiuf_cottage
D:7:      wander_river, layout_gridville
D:8:      layout_basic, mainiacjoe_overflow_alcove_4, enter_bailey_7,
          hangedman_decor_points
D:9:      layout_basic, hellmonk_lair_entry_icy, hangedman_decor_push,
          eino_small_chamber_without_monster
D:10:     layout_gridville, orc_0_dummy, serial_ice, serial_ice_b, serial_ice_k,
          serial_ice_m, serial_ice_o, serial_ice_c, serial_ice_a, serial_shops,
          shop, minmay_fire_ice_demons, uniq_erica
Temple:   lightli_temple_of_artemis

Skill      XL: |  1  2  3  4  5  6  7  8  9 10 11 |
---------------+----------------------------------+-----
Unarmed Combat | 5 6 11 13 13 | 13.0
Shapeshifting  | 4 5 11 12 11 | 11.8
Dodging        | 4 |  4.8
Stealth        | 4 4 |  4.9
Fighting       | |  1.0

Action                     |  1- 3 |  4- 6 |  7- 9 | 10-12 || total
---------------------------+-------+-------+-------+-------++-------
  Melee: Unarmed           |    53 |   105 |   301 |   175 ||   634
         Tailslap          |     5 |     9 |    42 |    26 ||    82
         Punch             |     1 |     5 |    18 |    15 ||    39
 Invoke: Sacrifice Arcana  |       |       |     1 |       ||     1
         Sacrifice Skill   |       |       |       |     1 ||     1
  Evoke: Wand              |       |       |     2 |     4 ||     6
    Use: Potion            |     1 |       |     2 |       ||     3
         Scroll            |       |     5 |    10 |     2 ||    17
   Stab: Sleeping          |     1 |       |    12 |     4 ||    17
         Distracted        |       |       |       |     1 ||     1
         Invisible         |       |       |       |     1 ||     1
 Armour: Skin              |    12 |    28 |   178 |    58 ||   276
  Dodge: Dodged            |    31 |    49 |   194 |    98 ||   372

Table legend: (Time is in decaauts)
 A = Elapsed time spent in this place.
 B = Non-inter-level travel time spent in this place.
 C = Inter-level travel time spent in this place.
 D = Time resting spent in this place.
 E = Time spent auto-exploring this place.
 F = Levels seen in this place.
 G = Mean time per level.
                   A        B        C        D        E       F      G
               +--------+--------+--------+--------+--------+-----+--------+
         Total |   9570 |   8920 |    650 |   1422 |   5383 |  12 |  797.5 |
       Dungeon |   9166 |   8522 |    644 |   1371 |   5295 |  10 |  916.6 |
        Temple |     16 |     11 |      5 |      0 |      0 |   1 |   16.0 |
        Bailey |    387 |    387 |      0 |     51 |     88 |   1 |  387.0 |
               +--------+--------+--------+--------+--------+-----+--------+

Top non-repeatable levels by time:
     D:4: 1111 daAuts
     D:7: 1055 daAuts
     D:5: 1047 daAuts
     D:6: 1025 daAuts
     D:8: 1015 daAuts
     D:9: 964 daAuts
     D:2: 955 daAuts
     D:3: 757 daAuts
     D:1: 652 daAuts
    D:10: 582 daAuts
  Bailey: 387 daAuts
  Temple: 16 daAuts
